 Dungeon Crawl Stone Soup version 0.31-a0-233-g139696dc86 (webtiles) character file.

Game seed: 11481205267055475010

365 qw the Shooter (level 6, -1/37 HPs)
             Began as a Gargoyle Hexslinger on July 7, 2023.
             Slain by an orc
             ... wielding a +0 hand axe
              (3 damage)
             ... on level 4 of the Dungeon.
             The game lasted 00:01:27 (2594 turns).

qw the Shooter (Gargoyle Hexslinger)                Turns: 2594, Time: 00:01:28

Health: -1/37      AC: 10    Str: 12    XL:     6   Next: 68%
Magic:  7/7        EV: 10    Int: 13    God:
Gold:   208        SH:  0    Dex: 14    Spells: 6/7 levels left

rFire   . . .        e - +0 shortbow
rCold   . . .        (shield currently unavailable)
rNeg    + + .        d - +0 ring mail
rPois   inf          (no helmet)
rElec   +            (no cloak)
rCorr   .            (no gloves)
SInv    .            c - +0 pair of boots
Will    .....        (no amulet)
Stlth   +            n - ring of positive energy
HPRegen 0.26/turn    (no ring)
MPRegen 0.10/turn

%: no passive effects
@: no status effects
A: sickness immunity, AC +4, negative energy resistance 1, electricity
resistance, torment resistance 1, petrification resistance
a: no special abilities


You were on level 4 of the Dungeon.
You visited 1 branch of the dungeon, and saw 4 of its levels.

You collected 208 gold pieces.


Innate Abilities, Weirdness & Mutations

You are immune to sickness and miasma.
Your stone body is resilient. (AC +4)
You are immune to poison.
You resist negative energy. (rN+)
You are resistant to electric shocks. (rElec)
You are resistant to unholy torment.
You are immune to petrification.


   Skills:
 + Level 3.2 Fighting
 - Level 6.1 Ranged Weapons
 - Level 1.0 Armour
 - Level 1.5 Dodging
 - Level 1.0 Spellcasting
 - Level 2.6 Hexes


You had 6 spell levels left.
You knew the following spells:

 Your Spells              Type           Power      Damage    Failure   Level
a - Slow                  Hex            28%        N/A       22%         1

Your spell library contained the following spells:

 Spells                   Type           Power      Damage    Failure   Level
 Inner Flame              Hex/Fire       4%         N/A       73%         3
 Portal Projectile        Hex/Tloc       8%         N/A       73%         3
 Cause Fear               Hex            3%         N/A       91%         4

Inventory:

Hand Weapons
 e - a +0 shortbow (weapon)
 Y - a +1 sling
Armour
 c - a +0 pair of boots (worn)
 d - a +0 ring mail (worn)
Jewellery
 n - a ring of positive energy (left hand)
Scrolls
 f - a scroll of identify
Potions
 a - 2 potions of curing
 b - 2 potions of enlightenment {unknown}
 h - a potion of invisibility {unknown}
 k - a potion of might {unknown}
 l - a potion of heal wounds {unknown}

Dungeon Overview and Level Annotations

Branches:
Dungeon (4/15)
 Temple: D:4-7

Altars:
Trog

Shops:
D:3 (


Message History

2586 ||| Stepping ~*~*~tactically~*~*~ (outnumbered).
2587 ||| Stepping ~*~*~tactically~*~*~ (outnumbered).
A gnoll comes into view. It is wielding a +0 flail.
The gnoll shouts!
Enter note:
Enter note:
Enter note: You shoot an arrow.
The arrow hits the gnoll.
The gnoll is almost dead.
Something hits you but does no damage.
You shoot an arrow. The gnoll barely misses you.
Something hits you but does no damage.
You shoot an arrow. The arrow hits the gnoll.
The gnoll is lightly wounded.
Something hits you but does no damage.
A hobgoblin comes into view.
The gnoll hits you with a +0 flail.
You shoot an arrow. The hobgoblin shouts!
The arrow hits the gnoll but does no damage.
The gnoll is lightly wounded.
You hear some strange, mumbled words.
A magic dart appears from out of thin air!
The magic dart hits you. The gnoll barely misses you.
You shoot an arrow. The arrow closely misses the gnoll.
Something hits you. The gnoll hits you but does no damage.
The gnoll hits you with a +0 club.
You shoot an arrow. The arrow closely misses the gnoll.
Something hits you but does no damage. The gnoll hits you but does no damage.
The gnoll closely misses you. The gnoll hits you with a +0 club.
Something hits you but does no damage.
You shoot an arrow. The arrow hits the gnoll.
The gnoll is moderately wounded.
The orc priest miscasts a cantrip.
The gnoll hits you from afar with a +0 spear.
The gnoll hits you with a +0 flail. The gnoll barely misses you.
The orc closely misses you. Something hits you but does no damage.
The gnoll closely misses you. The gnoll barely misses you.
The gnoll hits you but does no damage. The orc hits you with a +0 hand axe.
You die...

..# # ...#
....########)..
.......#.o...#...
#........).go..#
#........# .
#......g## ...
###..##.{###.....
########....g@g......
............o.og.....
.........###.........
########.##.........#
#........##..#
##....).... .#
###..#........ .
#...##....#### (..#
######.### #(... ....


You could see an orc priest, 3 gnolls, an orc and a hobgoblin.

Vanquished Creatures
  A centaur (D:4)
  Jessica (D:2)
  2 orc wizards (D:3)
  4 gnolls
  7 adders
  A dart slug (D:2)
  13 orcs
  5 bats
  9 endoplasms
  5 giant cockroaches
  10 goblins
  6 hobgoblins
  10 kobolds
  7 quokkas
  6 ball pythons
  3 frilled lizards
  6 rats
96 creatures vanquished.

Notes
Turn   | Place    | Note
-------+----------+-------------------------------------------
     0 | D:1      | qw the Gargoyle Hexslinger began the quest for the Orb.
     0 | D:1      | Reached XP level 1. HP: 12/12 MP: 2/2
     0 | D:1      | 0 ||| qw: Version: 0.3-a-46-gb1f654a
     0 | D:1      | 0 ||| qw: Game counter: 3228
     0 | D:1      | 0 ||| qw: Melee chars always use a shield: true
     0 | D:1      | 0 ||| qw: God list: Okawaru
     0 | D:1      | 0 ||| qw: Allow faded altars: false
     0 | D:1      | 0 ||| qw: Do Orc after clearing Dungeon:15 true
     0 | D:1      | 0 ||| qw: Do second Lair branch before Depths: true
     0 | D:1      | 0 ||| qw: Lair rune preference: random
     0 | D:1      | 0 ||| qw: Goals: Normal
     0 | D:1      | 0 ||| PLANNING D:1-11
   100 | D:1      | Reached XP level 2. HP: 16/16 MP: 3/3
   134 | D:1      | Reached skill level 3 in Ranged Weapons
   213 | D:1      | Found a faded altar of an unknown god.
   274 | D:1      | Reached XP level 3. HP: 21/21 MP: 4/4
   587 | D:1      | 587 ||| UPGRADING to +0 ring mail.
   597 | D:1      | 597 ||| DROPPING +0 robe.
   598 | D:1      | 598 ||| DROPPING ring of magical power.
   599 | D:1      | 599 ||| UPGRADING to ring of positive energy.
   600 | D:1      | 600 ||| READING scroll labelled UZUUK XOOG.
   601 | D:1      | 601 ||| READING 2 scrolls labelled TAR ZIDOEM.
   602 | D:1      | 602 ||| READING scroll labelled HIUTZI WIXZIVI.
   603 | D:1      | 603 ||| READING scroll labelled OCINNU ONLASCH.
   604 | D:1      | 604 ||| DROPPING scroll of poison.
   681 | D:2      | Noticed Jessica
   682 | D:2      | 682 ||| Stepping ~*~*~tactically~*~*~ (outnumbered).
   700 | D:2      | Killed Jessica
   701 | D:2      | Reached skill level 4 in Ranged Weapons
   701 | D:2      | Reached XP level 4. HP: 13/26 MP: 5/5
   854 | D:2      | Reached skill level 1 in Armour
  1319 | D:2      | 1319 ||| READING scroll labelled YNLYOL QAKKOU.
  1320 | D:2      | 1320 ||| READING scroll labelled ZEL XEXKAVABIPN.
  1321 | D:2      | 1321 ||| DRINKING 2 viscous green potions.
  1322 | D:2      | 1322 ||| DROPPING potion of attraction.
  1391 | D:3      | Reached XP level 5. HP: 17/30 MP: 6/6
  1569 | D:3      | Reached skill level 5 in Ranged Weapons
  1569 | D:3      | 1569 ||| FLEEEEING.
  1574 | D:3      | 1574 ||| STAIRDANCE
  1587 | D:3      | Found Nippa's Antique Weapon Emporium.
  1589 | D:3      | 1589 ||| FLEEEEING.
  1590 | D:3      | 1590 ||| STAIRDANCE
  1630 | D:3      | 1630 ||| STAIRDANCE
  1718 | D:3      | Reached skill level 3 in Fighting
  1722 | D:3      | HP: 8/32 [gnoll/+0 spear (4)]
  1724 | D:3      | Reached XP level 6. HP: 10/37 MP: 7/7
  2173 | D:3      | 2173 ||| UPGRADING to +0 pair of boots.
  2178 | D:3      | 2178 ||| READING scroll labelled ANKUOTS MEADU.
  2179 | D:3      | 2179 ||| DRINKING 2 bubbling yellow potions.
  2214 | D:3      | 2214 ||| READING 2 scrolls of identify.
  2214 | D:3      | 2214 ||| IDENTIFYING metallic red potion
  2215 | D:3      | 2215 ||| DROPPING potion of lignification.
  2452 | D:4      | Found a bloodstained altar of Trog.
  2507 | D:4      | Reached skill level 6 in Ranged Weapons
  2568 | D:4      | 2568 ||| SWAPPING to +0 shortbow.
  2585 | D:4      | 2585 ||| Stepping ~*~*~tactically~*~*~ (outnumbered).
  2586 | D:4      | 2586 ||| Stepping ~*~*~tactically~*~*~ (outnumbered).
  2587 | D:4      | 2587 ||| Stepping ~*~*~tactically~*~*~ (outnumbered).
  2593 | D:4      | HP: 8/37 [gnoll/+0 club (4)]
  2594 | D:4      | HP: 2/37 [gnoll/+0 flail (2)]
  2594 | D:4      | Slain by an orc

Levels and vault maps discovered:
D:1:      dpeg_arrival_morbid_curiosity, layout_rooms,
          shapermc_ecumenical_altar_starsandcircs, minmay_box_of_dots
D:2:      layout_loops_cross, uniq_jessica
D:3:      layout_loops_ring, serial_shops, nicolae_shop_tiny_waterfront,
          minmay_strange_pillars
D:4:      layout_rooms, mainiacjoe_overflow_small_starburst,
          biasface_ghost_orc_armoury, saegor_snake_ambush

Skill      XL: |  1  2  3  4  5  6 |
---------------+-------------------+-----
Ranged Weapons | 3 4 5 6 |  6.1
Fighting       | 2 3 |  3.2
Armour         | 1 |  1.0
Dodging        | |  1.5
Spellcasting   | |  1.0
Hexes          | |  2.6

Action                     |  1- 3 |  4- 6 || total
---------------------------+-------+-------++-------
   Fire: Sling             |   101 |   271 ||   372
         Shortbow          |       |    23 ||    23
    Use: Scroll            |     4 |     4 ||     8
         Potion            |       |     2 ||     2
 Armour: Robe              |    15 |       ||    15
         Ring mail         |     6 |   167 ||   173
  Dodge: Dodged            |    49 |   148 ||   197

Table legend:
 A = Non-vault XP
 B = Vault XP
 C = Vault XP percentage of total XP
 D = Non-vault monster count
 E = Vault monster count
 F = Vault count percentage of total count
                 A         B        C        D         E       F
            +---------+---------+-------+---------+---------+-------
      Total |     476 |      46 |   8.8 |      90 |       6 |   6.2
            +---------+---------+-------+---------+---------+-------
        D:1 |      37 |       9 |  19.6 |      21 |       5 |  19.2
        D:2 |      79 |      37 |  31.9 |      25 |       1 |   3.8
        D:3 |     196 |       0 |   0.0 |      28 |       0 |   0.0
        D:4 |     164 |       0 |   0.0 |      16 |       0 |   0.0
            +---------+---------+-------+---------+---------+-------
